 Dungeon Crawl Stone Soup version 0.24.0-41-g2ae2f7f1be (webtiles) character file.

Game seed: 5230845256799219298, levelgen mode: deterministic

201794 DildoBatman the Earth Mage (level 19, -6/138 HPs)
             Began as a Formicid Wizard on Dec 11, 2019.
             Was an Initiate of Gozag.
             Mangled by an emperor scorpion (12 damage)
             ... on level 4 of the Spider Nest.
             The game lasted 02:26:39 (33696 turns).

DildoBatman the Earth Mage (Formicid Wizard)       Turns: 33696, Time: 02:26:41

Health: -6/138     AC: 13    Str: 17    XL:     19   Next: 26%
Magic:  25/39      EV: 21    Int: 26    God:    Gozag
Gold:   5484       SH: 29    Dex: 12    Spells: 29/50 levels left

rFire    . . .     SeeInvis +   F - +12 rapier of Malaise {venom, *Contam rElec rC++}
rCold    + + +     Gourm    .   c - +10 large shield of Ignorance {rN+ Int-4}
rNeg     + . .     Faith    .   o - +4 troll leather armour
rPois    .         Spirit   .   (helmet unavailable)
rElec    +         Reflect  .   G - +0 cloak
rCorr    .         Harm     .   Y - +0 pair of gloves
MR       +++..                  O - +0 pair of boots
Stlth    ++........             r - amulet of regeneration
HPRegen  1.13/turn              q - +5 ring of evasion
MPRegen  0.26/turn              u - ring of Fedhas's Generosity {rC+ MR+ Str+2 Dex+3}

@: brilliant
A: permanent stasis, dig shafts and tunnels, four strong arms, antennae 3,
clever 1, magic resistance 1
}: 1/15 runes: barnacled
a: Dig, Shaft Self, Potion Petition, Call Merchant, Bribe Branch, Renounce
Religion


You were on level 4 of the Spider Nest.
You worshipped Gozag.
Gozag was greatly pleased with you.
You were full.

You visited 6 branches of the dungeon, and saw 32 of its levels.
You also visited: Ice Cave.

You collected 9534 gold pieces.
You spent 2997 gold pieces at shops.
You paid 1053 gold pieces to Gozag.

Inventory:

Hand Weapons
 a - the +10 trident "Faytikli" {venom, rF+ MR+ Int+3 Dex+2}
   (You took it off a merfolk on level 4 of the Shoals)

   It poisons the flesh of those it strikes.
   It affects your intelligence (+3).
   It affects your dexterity (+2).
   It protects you from fire.
   It affects your resistance to hostile enchantments.
 p - the cursed +1 broad axe of Plunder {speed, rF+ rN+, unknown}
   (You found it on level 1 of the Spider Nest)

   Attacks with this weapon are significantly faster.
   It protects you from fire.
   It protects you from negative energy.
   It has a curse placed upon it.
 t - a +2 demon trident of pain
 F - the +12 rapier of Malaise (weapon) {venom, *Contam rElec rC++}
   (You found it on level 4 of the Shoals)

   It poisons the flesh of those it strikes.
   It greatly protects you from cold.
   It insulates you from electricity.
   It causes magical contamination when unequipped.
 Z - a +0 arbalest of flaming
Missiles
 d - 3 throwing nets
 j - 353 arrows
 l - 63 javelins (quivered)
 m - 63 sling bullets
 n - 118 bolts
 P - 6 silver javelins
Armour
 c - the +10 large shield of Ignorance (worn) {rN+ Int-4}
   (You found it on level 9 of the Dungeon)

   It affects your intelligence (-4).
   It protects you from negative energy.
 o - a +4 troll leather armour (worn)
 G - a +0 cloak (worn)
 O - a +0 pair of boots (worn)
 Y - a +0 pair of gloves (worn)
Magical Staves
 D - an uncursed staff of power {unknown}
Jewellery
 q - a +5 ring of evasion (left hand)
 r - an amulet of regeneration (around neck)
 u - the ring of Fedhas's Generosity (right hand) {rC+ MR+ Str+2 Dex+3}
   (You took it off a centaur on level 7 of the Dungeon)

   [ring of strength]

   It affects your strength (+2).
   It affects your dexterity (+3).
   It protects you from cold.
   It affects your resistance to hostile enchantments.
 Q - an uncursed ring of wizardry
 U - a +2 ring of evasion
Wands
 I - a wand of iceblast (76)
 L - a wand of scattershot (20)
 W - a wand of acid (63)
 X - a wand of polymorph (9)
Scrolls
 b - 6 scrolls of enchant weapon
 f - 5 scrolls of immolation
 i - 3 scrolls of fear
 x - 3 scrolls of remove curse
 y - 2 scrolls of acquirement
 z - 19 scrolls of identify
 C - 7 scrolls of magic mapping
 H - 2 scrolls of torment
 J - 3 scrolls of fog
 K - a scroll of amnesia
Potions
 g - 5 potions of heal wounds
 h - a potion of agility
 k - 9 potions of curing
 s - 3 potions of ambrosia
 w - 7 potions of magic
 A - 4 potions of might
 B - 2 potions of brilliance
 M - 2 potions of flight
 N - a potion of invisibility
 S - 5 potions of cancellation
Miscellaneous
 e - a sack of spiders
 E - a lightning rod (4/4)
 R - a lamp of fire (inert)
 T - 2 boxes of beasts
 V - a phial of floods
Comestibles
 v - 17 rations


   Skills:
 * Level 9.2 Fighting
 * Level 9.1 Armour
 * Level 7.9 Dodging
 - Level 2.4 Stealth
 - Level 15.0 Shields
 - Level 16.0 Spellcasting
 - Level 6.0 Conjurations
   Level 1.0 Summonings
 * Level 11.2 Necromancy
   Level 0.8 Translocations
 - Level 5.0 Fire Magic
 - Level 5.3 Air Magic
 - Level 18.0 Earth Magic


You had 29 spell levels left.
You knew the following spells:

 Your Spells              Type           Power        Failure   Level  Hunger
a - Conjure Flame         Conj/Fire      ######..     1%          3    None
b - Borgnjor's Vile Clut  Necr/Erth      #######...   1%          5    None
d - Vampiric Draining     Necr           #######...   1%          3    None
e - Mephitic Cloud        Conj/Pois/Air  ######..     1%          3    None
h - Dispel Undead         Necr           #######.     1%          5    None
z - Sublimation of Blood  Necr           #######...   1%          2    None

Your spell library contained the following spells:

 Spells                   Type           Power        Failure   Level  Hunger
 Flame Tongue             Conj/Fire      #####        1%          1    None
 Magic Dart               Conj           ####         1%          1    None
 Pain                     Necr           ####         1%          1    None
 Call Imp                 Summ           #####...     1%          2    None
 Corpse Rot               Necr           N/A          1%          2    None
 Passwall                 Tmut/Erth      ######..     1%          2    None
 Searing Ray              Conj           ######       1%          2    None
 Shroud of Golubria       Chrm/Tloc      #####.       1%          2    None
 Slow                     Hex            #####...     1%          2    None
 Throw Flame              Conj/Fire      ######       1%          2    None
 Confuse                  Hex            #####...     1%          3    None
 Dazzling Spray           Conj/Hex       ######       1%          3    None
 Gell's Gravitas          Tloc           #####.....   1%          3    None
 Inner Flame              Hex/Fire       #####...     1%          3    None
 Lesser Beckoning         Tloc           #####.....   1%          3    None
 Spectral Weapon          Hex/Chrm       #####...     1%          3    None
 Static Discharge         Conj/Air       ######..     1%          3    None
 Teleport Other           Tloc           #####...     1%          3    None
 Animate Dead             Necr           N/A          1%          4    None
 Force Lance              Conj/Tloc      ######..     1%          4    None
 Fulminant Prism          Conj/Hex       ######....   1%          4    None
 Iskenderun's Mystic Bla  Conj           ######..     1%          4    None
 Leda's Liquefaction      Hex/Erth       ######....   1%          4    None
 Sticky Flame             Conj/Fire      ######..     1%          4    None
 Agony                    Necr           #######.     1%          5    None
 Bolt of Draining         Conj/Necr      ######....   1%          5    None
 Bolt of Magma            Conj/Fire/Erth ######....   1%          5    None
 Fireball                 Conj/Fire      ######....   1%          5    None
 Lightning Bolt           Conj/Air       ######....   1%          5    None
 Death Channel            Necr           #######...   1%          6    ####...
 Iron Shot                Conj/Erth      #######...   1%          6    ####...
 Statue Form              Tmut/Erth      ######...    1%          6    ####...
 Passage of Golubria      Tloc           N/A          2%          4    None
 Irradiate                Conj/Tmut      ######....   2%          5    None
 Simulacrum               Ice/Necr       ######....   5%          6    ####...
 Metabolic Englaciation   Hex/Ice        #####.....   9%          5    None
 Borgnjor's Revivificati  Necr           #######...   19%         8    #######
 Infestation              Necr           #######...   19%         8    #######
 Shatter                  Erth           #######...   19%         9    #######
 Haunt                    Necr/Summ      ######....   21%         7    #####..
 Hydra Form               Tmut           #####.....   38%         6    ####...
 Death's Door             Chrm/Necr      ######....   80%         8    #######
 Necromutation            Tmut/Necr      ######....   80%         8    #######
 Dragon Form              Tmut           #####.....   86%         7    #####..
 Ignition                 Fire           ######....   86%         8    #######
 Tornado                  Air            ######....   100%        9    #######
 Blink                    Tloc           Unusable     N/A         2    N/A

Dungeon Overview and Level Annotations

Branches:
Dungeon (15/15)            Temple (1/1) D:6            Lair (6/6) D:9
 Shoals (4/4) Lair:2       Spider (4/4) Lair:3        Slime (0/5) Lair:5
    Orc (2/2) D:12            Elf (0/3) Orc:2        Vaults (0/5) D:14
 Depths (0/5) D:15          IceCv (visited)

Altars:
Ashenzari
Cheibriados
Dithmenos
Elyvilon
Fedhas
Gozag
Hepliaklqana
Kikubaaqudgha
Makhleb
Nemelex Xobeh
Okawaru
Qazlal
Ru
Sif Muna
Trog
Uskayaw
Vehumet
Wu Jian
Xom
Yredelemnul
Zin
The Shining One
Beogh
Jiyva

Shops:
D:12 !   D:15 }   Orc:2 :*=(   Shoals:4 ?

Portals:
Trove: D:11 (give +8 demon whip)

Annotations:
D:3 exclusion: soldier ant
D:7 exclusion: blizzard demon
D:13 exclusion: air elemental
Spider:3 Kirke


Innate Abilities, Weirdness & Mutations

You cannot be hasted, slowed, berserked, paralysed or teleported.
You can dig through walls and to a lower floor.
Your four strong arms can wield two-handed weapons with a shield.
You have a pair of large antennae on your head. (SInv)
Your mind is acute. (Int +2)
You are resistant to hostile enchantments. (MR+)


Message History

The emperor scorpion stings you but does no damage.
You block the emperor scorpion's attack. x2
The emperor scorpion stings you. The emperor scorpion claws you!
You block the emperor scorpion's attack.
Casting: Borgnjor's Vile Clutch (safe; 1% risk of failure)
Confirm with . or Enter, or press ? or * to list all spells.
Aiming: Borgnjor's Vile Clutch (safe; 1% risk of failure)
Press: ? - help, Dir - move target cursor, f/p - emperor scorpion
Aim: an emperor scorpion (lightly wounded, berserk, fast, unusually strong) Decaying hands burst forth from the earth!
Zombie hands grab the emperor scorpion. x2
The zombie hands constrict the emperor scorpion.
The zombie hands constrict the emperor scorpion!
You block the emperor scorpion's attack. x3
The emperor scorpion stings you!!
The emperor scorpion claws you but does no damage.
The emperor scorpion claws you!
You die...
Your body crumbles into a pile of gold.

#........#............
##.............[..^...
#...?.............#..
#..............#^....
##......##.......#^..
##.###########.#####
####### #########^
#########..####.^####...
##...^.s@....:$...≈^.#...
##....≈.s....≈..≈.......^#
##.......^.########≈≈≈≈....
#.≈.≈^.##### { ####≈≈..≈
#^.≈$### ≈ {{ ##≈.^≈ #$.$.#
.≈≈{ { #.... #..$$###..{≈≈
{ #.... ###^.$$$.≈≈.. {
#≈..# ####^.$...# .....#


You could see 2 emperor scorpions.

Vanquished Creatures
  A lich (D:13)
  Polyphemus (Shoals:4)
  Gastronok (Lair:3)
  A tengu reaver (D:13)
  A kraken (Shoals:2)
  A ghost moth (Spider:4)
  A caustic shrike zombie (D:15)
  2 orc warlords (Orc:1)
  A frost giant (D:13)
  4 emperor scorpions
  The ghost of Elieh the Fighter, a journeyman VSTm of Dithmenos (D:13)
  3 entropy weavers
  Nessos (Lair:4)
  A dire elephant (Lair:6)
  7 merfolk impalers
  Josephine (Shoals:1)
  4 merfolk javelineers
  A great orb of eyes (D:13)
  6 hydras
  3 catoblepae
  7 merfolk avatars
  4 centaur warriors
  Erica (D:8)
  2 merfolk aquamancers (Shoals:4)
  A deep troll shaman (Lair:6)
  9 two-headed ogres
  2 satyrs (Shoals:3)
  A death knight (D:15)
  9 death yaks
  4 orc high priests (Orc:2)
  An ogre mage (D:15)
  A vampire mage (D:15)
  Sonja (D:12)
  2 skeletal warriors
  A fire crab (Shoals:3)
  15 sea snakes
  3 unseen horrors
  A sphinx zombie (D:15)
  A kraken simulacrum (Shoals:4)
  3 necromancers
  4 orange crystal statues (D:9)
  Pikel (D:8)
  11 harpies
  2 ugly things
  4 orc sorcerers
  13 orb spiders
  A salamander (Lair:5)
  An oklob plant (Lair:6)
  5 orc knights
  2 moths of wrath (Spider:1)
  23 wolf spiders
  6 cyclopes
  3 fauns (Shoals:3)
  9 manticores
  3 elephants (Lair:6)
  A frost giant skeleton (D:15)
  4 merfolk sirens
  5 water nymphs
  6 black mambas
  Psyche (D:10)
  An ice statue (IceCv)
  2 death yak zombies (Lair:2)
  A yaktaur zombie (D:15)
  A gargoyle (D:12)
  A torpor snail (Lair:2)
  2 centaur skeletons (D:12)
  9 komodo dragons
  10 spiny frogs
  A catoblepas zombie (Lair:2)
  2 rime drakes
  A death yak skeleton (Lair:2)
  13 demonic crawlers
  10 freezing wraiths (IceCv)
  4 hydra zombies
  A guardian mummy (D:15)
  A catoblepas skeleton (Lair:4)
  23 jumping spiders
  3 polar bears
  30 merfolk
  8 trolls
  2 wind drakes
  2 hornets
  2 hydra skeletons
  5 slime creatures (D:10)
  7 hippogriffs
  30 blink frogs
  7 snapping turtles
  8 dream sheep
  2 black mamba zombies (Lair:4)
  6 wraiths
  2 water elementals
  A shadow (D:14)
  24 tarantellas
  3 black mamba skeletons
  57 redbacks
  29 yaks
  A fire bat (Shoals:3)
  2 vampires (D:13)
  2 wyverns
  8 hogs
  3 steam dragons
  2 hungry ghosts
  A human (D:7)
  2 basilisks
  2 death yak simulacra (IceCv)
  4 vampire mosquitoes (D:15)
  Menkaure (D:5)
  An acid dragon (D:15)
  3 wargs
  3 spiny frog zombies
  Duvessa (D:4)
  9 porcupines
  12 water moccasins
  4 sky beasts
  41 orc warriors
  4 slaves
  2 black bears
  2 spiny frog skeletons (Lair:4)
  11 ice beasts
  A phantom (D:14)
  A dream sheep zombie (Lair:2)
  8 centaurs
  2 necrophages
  20 wolves
  14 ogres
  24 crocodiles
  A blink frog skeleton (Lair:3)
  A fire crab zombie (Lair:4)
  3 hippogriff zombies
  4 big kobolds
  A komodo dragon zombie (Lair:5)
  3 komodo dragon skeletons
  9 bullfrogs
  A gnoll sergeant (D:8)
  Dowan (D:4)
  3 water moccasin zombies (Lair:2)
  3 scorpions
  A wyvern skeleton (D:10)
  2 water moccasin skeletons (Lair:4)
  2 elephant simulacra (IceCv)
  2 yak skeletons
  4 killer bees
  3 yak zombies
  3 wights (D:9)
  9 electric eels
  A howler monkey (D:6)
  A wolf zombie (Lair:2)
  4 crimson imps
  7 draconian simulacra (IceCv)
  4 bullfrog zombies
  A quasit (D:7)
  6 hounds
  28 orc wizards
  A bullfrog skeleton (Lair:2)
  5 jellies
  31 orc priests
  Crazy Yiuf (D:3)
  Terence (D:1)
  2 basilisk skeletons (Lair:2)
  Ijyb (D:3)
  8 iguanas
  A spriggan simulacrum (IceCv)
  6 worker ants
  5 troll simulacra (IceCv)
  2 centaur simulacra (IceCv)
  4 crocodile zombies
  2 crocodile skeletons
  A mummy (D:6)
  3 worker ant zombies
  18 adders
  9 gnolls
  An ogre simulacrum (IceCv)
  4 naga simulacra (IceCv)
  A scorpion zombie (Lair:4)
  2 shadow imps
  24 white imps
  2 oozes
  2 adder skeletons (D:4)
  An adder zombie (D:7)
  4 worms
  4 dart slugs
  13 leopard geckos
  118 orcs
  2 bat zombies (D:7)
  4 giant cockroaches
  8 hobgoblins
  14 jackals
  30 kobolds
  8 quokkas
  2 ball pythons
  8 bats
  12 frilled lizards
  7 goblins
  A jackal skeleton (D:4)
  A leopard gecko skeleton (D:5)
  3 quokka skeletons
  4 rats
  A fire vortex (Lair:5)
  10 fungi
  22 plants
  A tentacle (Shoals:4)
  2 withered plants (D:15)
1243 creatures vanquished.

Vanquished Creatures (collateral kills)
  A bullfrog (D:5)
1 creature vanquished.

Vanquished Creatures (others)
  2 dancing weapons (D:14)
  A tarantella (Spider:4)
  14 fungi
  19 plants
  20 tentacles
  A withered plant (D:15)
57 creatures vanquished.

Grand Total: 1301 creatures vanquished

Notes
Turn   | Place    | Note
-------+----------+-------------------------------------------
     0 | D:1      | DildoBatman the Formicid Wizard began the quest for the
                  | Orb.
     0 | D:1      | Reached XP level 1. HP: 13/13 MP: 4/4
    35 | D:1      | Reached skill level 1 in Conjurations
   311 | D:1      | Reached XP level 2. HP: 19/19 MP: 0/6
   717 | D:1      | Reached XP level 3. HP: 21/24 MP: 5/7
   722 | D:1      | Learned a level 3 spell: Conjure Flame
   726 | D:1      | Learned a level 3 spell: Mephitic Cloud
  1185 | D:2      | Reached XP level 4. HP: 11/30 MP: 1/8
  2024 | D:2      | Reached XP level 5. HP: 25/35 MP: 4/9
  2202 | D:3      | Noticed a centaur
  2254 | D:3      | Noticed Ijyb
  2590 | D:3      | Killed a centaur
  2590 | D:3      | Reached skill level 5 in Conjurations
  2590 | D:3      | Reached XP level 6. HP: 41/41 MP: 0/10
  2710 | D:3      | Found a runed translucent door.
  2710 | D:3      | Noticed Crazy Yiuf
  3030 | D:3      | Noticed Terence
  3361 | D:3      | Noticed a necrophage
  3385 | D:3      | Killed a necrophage
  3510 | D:3      | Reached XP level 7. HP: 43/46 MP: 8/11
  3511 | D:3      | Found a faded altar of an unknown god.
  3703 | D:4      | Noticed Duvessa
  3882 | D:4      | Got a smoking whip
  3883 | D:4      | Identified the +4 whip "Jaezeckao" {pain, Str+5 Dex+3} (You
                  | found it on level 4 of the Dungeon)
  3999 | D:4      | Reached skill level 1 in Fire Magic
  4356 | D:4      | Reached skill level 1 in Air Magic
  4529 | D:5      | Entered Level 5 of the Dungeon
  5065 | D:5      | Noticed Menkaure
  5332 | D:5      | Reached XP level 8. HP: 52/52 MP: 0/12
  5803 | D:6      | Found a staircase to the Ecumenical Temple.
  5809 | Temple   | Entered the Ecumenical Temple
  6022 | D:6      | Found a snail-covered altar of Cheibriados.
  6069 | D:7      | Found an ancient bone altar of Kikubaaqudgha.
  6075 | D:7      | Became a worshipper of Kikubaaqudgha
  6520 | D:5      | Reached skill level 5 in Fire Magic
  6816 | D:6      | Reached skill level 5 in Air Magic
  6816 | D:6      | Reached XP level 9. HP: 28/57 MP: 2/13
  7157 | D:5      | Killed Menkaure
  7305 | D:4      | Noticed Dowan
  7307 | D:4      | Killed Duvessa
  7312 | D:4      | Killed Dowan
  7655 | D:3      | Killed Ijyb
  7683 | D:3      | Found a shimmering altar of Xom.
  7684 | D:3      | Found a hazy altar of Hepliaklqana.
  7685 | D:3      | Noticed a spectral ugly thing
  7751 | D:3      | Killed Crazy Yiuf
  7751 | D:3      | Reached skill level 5 in Necromancy
  7833 | D:1      | Killed Terence
  7993 | D:7      | Reached * piety under Kikubaaqudgha
  7993 | D:7      | Identified Kikubaaqudgha's Collected Works on Necromancy
                  | (Kikubaaqudgha gifted it to you on level 7 of the Dungeon)
  7993 | D:7      | Received a gift from Kikubaaqudgha
  8018 | D:7      | Learned a level 2 spell: Sublimation of Blood
  8022 | D:7      | Learned a level 3 spell: Vampiric Draining
  8276 | D:7      | Found a burning altar of Makhleb.
  8287 | D:7      | Noticed a blizzard demon
  8323 | D:7      | Noticed a smoke demon
  8355 | D:7      | Reached XP level 10. HP: 47/63 MP: 8/14
  8408 | D:7      | Identified the ring of Fedhas's Generosity {rC+ MR+ Str+2
                  | Dex+3}
  8438 | D:7      | Reached ** piety under Kikubaaqudgha
  9533 | D:7      | Reached skill level 5 in Spellcasting
 10019 | D:8      | Found a blossoming altar of Fedhas.
 10055 | D:8      | Reached *** piety under Kikubaaqudgha
 10055 | D:8      | Identified Kikubaaqudgha's Papyrus of Dark Secrets
                  | (Kikubaaqudgha gifted it to you on level 8 of the Dungeon)
 10055 | D:8      | Received a gift from Kikubaaqudgha
 10088 | D:7      | Learned a level 5 spell: Borgnjor's Vile Clutch
 10100 | D:8      | Reached skill level 1 in Earth Magic
 10109 | D:8      | Noticed Erica
 10156 | D:8      | Killed Erica
 10156 | D:8      | Reached skill level 4 in Earth Magic
 10384 | D:8      | Reached skill level 5 in Earth Magic
 10436 | D:8      | Noticed Pikel
 10457 | D:8      | Reached skill level 6 in Earth Magic
 10457 | D:8      | Reached XP level 11. HP: 44/68 MP: 4/19
 10499 | D:8      | Killed Pikel
 10499 | D:8      | Reached skill level 7 in Earth Magic
 11034 | D:9      | Found a staircase to the Lair.
 11170 | D:9      | Noticed a two-headed ogre
 11176 | D:9      | Killed a two-headed ogre
 11176 | D:9      | Reached skill level 8 in Earth Magic
 11494 | D:9      | Learned a level 5 spell: Dispel Undead
 11510 | D:9      | Found a runed translucent door.
 11535 | D:9      | Reached skill level 9 in Earth Magic
 11668 | D:9      | Found the +10 large shield of Ignorance {rN+ Int-4}
 11681 | D:9      | Found a runed translucent door.
 11681 | D:9      | Noticed an orange crystal statue
 11728 | D:10     | Entered Level 10 of the Dungeon
 11728 | D:10     | Noticed a two-headed ogre
 11824 | D:9      | Killed a two-headed ogre
 11973 | D:10     | Reached **** piety under Kikubaaqudgha
 12211 | D:10     | Reached skill level 10 in Earth Magic
 12275 | D:10     | Reached skill level 1 in Shields
 12410 | D:10     | Identified the Almanac of Necromancy and Contamination
 12569 | D:10     | Noticed Psyche
 12589 | D:10     | Killed Psyche
 12652 | D:10     | Noticed a purple ugly thing
 12656 | D:10     | Killed a purple ugly thing
 12656 | D:10     | Reached XP level 12. HP: 61/74 MP: 8/23
 12729 | D:11     | Noticed an unseen horror
 12747 | D:11     | Killed an unseen horror
 12747 | D:11     | Reached skill level 5 in Shields
 12747 | D:11     | Reached skill level 10 in Necromancy
 13258 | D:11     | Found a portal to a secret trove of treasure.
 13342 | D:12     | Noticed an eight-headed hydra
 13349 | D:12     | Killed an eight-headed hydra
 13367 | D:12     | Found a roughly hewn altar of Beogh.
 13460 | D:12     | Noticed an unseen horror
 13463 | D:12     | Killed an unseen horror
 13579 | D:12     | Noticed Sonja
 13592 | D:12     | Killed Sonja
 13592 | D:12     | Reached skill level 1 in Fighting
 13592 | D:12     | Reached skill level 1 in Armour
 13815 | D:12     | Reached ***** piety under Kikubaaqudgha
 13858 | D:12     | Found a staircase to the Orcish Mines.
 13948 | D:12     | Found Matwyopt's Distillery.
 13968 | D:12     | Bought a potion of mutation for 96 gold pieces
 14226 | Orc:1    | Entered Level 1 of the Orcish Mines
 14380 | Orc:1    | Noticed a two-headed ogre
 14394 | Orc:1    | Killed a two-headed ogre
 14397 | Orc:1    | Reached XP level 13. HP: 88/88 MP: 8/24
 14587 | Orc:1    | Reached skill level 5 in Fighting
 14620 | Orc:1    | Noticed an orc warlord
 14642 | Orc:1    | Killed an orc warlord
 14642 | Orc:1    | Reached skill level 5 in Armour
 14642 | Orc:1    | Reached skill level 5 in Dodging
 14700 | Orc:1    | Noticed an orc warlord
 14725 | Orc:1    | Killed an orc warlord
 14814 | Orc:1    | Found the +6 lightning scales {run, rElec}
 14819 | Orc:1    | Got a crystal halberd
 14878 | Orc:1    | Identified Zeugum's Compendium of Enchantment
 15152 | Orc:2    | Entered Level 2 of the Orcish Mines
 15255 | Orc:2    | Reached ****** piety under Kikubaaqudgha
 15266 | Orc:1    | Received a gift from Kikubaaqudgha
 15268 | Orc:1    | Fell from the grace of Kikubaaqudgha
 15436 | Temple   | Became a worshipper of Gozag Ym Sagoz the Greedy
 15915 | Lair:1   | Entered Level 1 of the Lair of Beasts
 16566 | Lair:2   | Reached skill level 10 in Shields
 16595 | Lair:2   | Reached XP level 14. HP: 90/103 MP: 8/25
 16698 | Lair:2   | Found a frozen archway.
 16742 | IceCv    | Entered an ice cave
 16854 | IceCv    | Noticed a reaper
 17033 | IceCv    | Found an ancient bone altar of Kikubaaqudgha.
 17516 | Lair:2   | Gained mutation: You are resistant to hostile enchantments.
                  | (MR+) [potion of mutation]
 17516 | Lair:2   | Gained mutation: Your mind is acute. (Int +2) [potion of
                  | mutation]
 18301 | Lair:2   | Found a staircase to the Shoals.
 18945 | Lair:3   | Identified the +6 halberd of Judwuorr {holy, Str+4} (You
                  | found it on level 1 of the Orcish Mines)
 19164 | Lair:3   | Found a hole to the Spider Nest.
 19198 | Lair:3   | Noticed Gastronok
 19214 | Lair:3   | Killed Gastronok
 19838 | Lair:4   | Reached skill level 15 in Shields
 20026 | Lair:4   | Noticed Nessos
 20047 | Lair:4   | Killed Nessos
 20289 | Lair:4   | Reached XP level 15. HP: 96/105 MP: 27/27
 20629 | Lair:4   | Noticed a reaper
 20882 | Lair:5   | Reached skill level 10 in Spellcasting
 20921 | Lair:5   | Found a viscous altar of Jiyva.
 20921 | Lair:5   | Found a staircase to the Slime Pits.
 21214 | Lair:5   | Found the +9 staff of Wucad Mu {channel}
 21392 | Lair:5   | Was forgiven by Kikubaaqudgha
 21689 | Lair:6   | Entered Level 6 of the Lair of Beasts
 23138 | D:9      | Identified a scroll of acquirement
 23491 | Orc:2    | Found Kaffenitt's General Store.
 23491 | Orc:2    | Found Ihesh's Book Emporium.
 23492 | Orc:2    | Found Ihidal's Jewellery Shoppe.
 23495 | Orc:2    | Found Zuacheki's Weapon Shoppe.
 23528 | Orc:2    | Reached XP level 16. HP: 70/110 MP: 18/33
 23607 | Orc:2    | Bought a potion of ambrosia for 104 gold pieces
 23633 | Orc:2    | Bought a wand of acid (8) for 312 gold pieces
 23659 | Orc:2    | Found a staircase to the Elven Halls.
 24066 | D:13     | Found a runed translucent door.
 24072 | D:13     | Noticed a frost giant
 24074 | D:13     | Found a runed translucent door.
 24075 | D:13     | Noticed a tengu reaver
 24075 | D:13     | Noticed a lich
 24076 | D:13     | Noticed Elieh's ghost (journeyman VSTm)
 24229 | D:13     | Found a stormy altar of Qazlal.
 24497 | D:14     | Found a gate to the Vaults.
 25086 | D:15     | Entered Level 15 of the Dungeon
 25138 | D:15     | Found Cygrom's Gadget Shop.
 25170 | D:15     | Bought a wand of acid (7) for 374 gold pieces
 25170 | D:15     | Bought a wand of acid (8) for 408 gold pieces
 25170 | D:15     | Bought a wand of acid (9) for 442 gold pieces
 25170 | D:15     | Bought a wand of scattershot (5) for 459 gold pieces
 25179 | D:15     | Found a staircase to the Depths.
 25541 | D:15     | Reached skill level 15 in Spellcasting
 26034 | D:13     | Killed a tengu reaver
 26035 | D:13     | Killed Elieh's ghost
 26037 | D:13     | Killed a lich
 26044 | D:13     | Killed a frost giant
 26095 | D:13     | Got a scorched mace
 26118 | D:13     | Identified the cursed +0 mace of Broken Luck {holy, rN+
                  | Str+4 Dex-2} (You found it on level 13 of the Dungeon)
 26314 | Shoals:1 | Entered Level 1 of the Shoals
 26315 | Shoals:1 | Noticed Josephine
 26324 | Shoals:1 | Reached skill level 11 in Earth Magic
 26325 | Shoals:1 | Killed Josephine
 26432 | Shoals:1 | You fall into a shaft and drop 1 floor!
 26538 | Shoals:2 | Reached XP level 17. HP: 39/115 MP: 27/37
 26672 | Shoals:2 | Noticed a kraken
 26771 | Shoals:2 | Killed a kraken
 26771 | Shoals:2 | Reached skill level 12 in Earth Magic
 27207 | Shoals:3 | Reached skill level 13 in Earth Magic
 27688 | Shoals:3 | Reached skill level 14 in Earth Magic
 28163 | Shoals:4 | Entered Level 4 of the Shoals
 28288 | Shoals:4 | Reached skill level 15 in Earth Magic
 28381 | Shoals:4 | Identified the +10 trident "Faytikli" {venom, rF+ MR+ Int+3
                  | Dex+2}
 28752 | Shoals:4 | Noticed Polyphemus
 28793 | Shoals:4 | Reached skill level 16 in Earth Magic
 28800 | Shoals:4 | Killed Polyphemus
 28829 | Shoals:4 | Identified the Guide on Mutagenic Unholy Secrets
 28942 | Shoals:4 | Reached XP level 18. HP: 99/122 MP: 18/38
 28973 | Shoals:4 | Got a faintly glowing rapier
 29011 | Shoals:4 | Found Janos's Magic Scroll Shop.
 29026 | Shoals:4 | Bought a scroll of fog for 22 gold pieces
 29026 | Shoals:4 | Bought a scroll of identify for 22 gold pieces
 29026 | Shoals:4 | Bought a scroll of acquirement for 572 gold pieces
 29026 | Shoals:4 | Bought a scroll of torment for 82 gold pieces
 29026 | Shoals:4 | Bought a scroll of identify for 22 gold pieces
 29026 | Shoals:4 | Bought a scroll of torment for 82 gold pieces
 29188 | Shoals:4 | Reached skill level 17 in Earth Magic
 29328 | Shoals:4 | Got a barnacled rune of Zot
 30167 | Spider:1 | Entered Level 1 of the Spider Nest
 30174 | Spider:1 | Identified the +12 rapier of Malaise {venom, *Contam rElec
                  | rC++} (You found it on level 4 of the Shoals)
 30355 | Spider:1 | Got a smoking broad axe
 30797 | Spider:1 | Reached skill level 18 in Earth Magic
 32929 | Spider:4 | Entered Level 4 of the Spider Nest
 32929 | Spider:4 | Noticed Kirke
 33124 | Spider:4 | Reached XP level 19. HP: 110/136 MP: 17/39
 33696 | Spider:4 | HP: 6/138 [emperor scorpion (27)]
 33696 | Spider:4 | Mangled by an emperor scorpion

Levels and vault maps discovered:
D:1:      mrwooster_arrival_statue_2, layout_rooms
D:2:      minmay_thinvault, layout_rooms
D:3:      layout_rooms, regret_index_temple_of_mockery,
          chequers_ecumenical_altar_simple, first_ration,
          wander_ebering_terrifying_dragon_lair, uniq_crazy_yiuf_cottage,
          uniq_ijyb, uniq_terence
D:4:      layout_cave_pods, uniq_duvessa
D:5:      layout_basic, serial_glass, glass_columns_a, glass_columns_a,
          glass_columns_c, glass_columns_a, glass_columns_c, glass_columns_a,
          serial_bayou_lagoon_a, uniq_menkaure
D:6:      kennysheep_steamy, layout_cave_pools, slow_altar_1,
          minmay_temple_entry_hall
D:7:      minmay_opposing_rooms, layout_basic,
          lemuel_zombie_altar_kikubaaqudgha, makhleb_altar_promises_db,
          grunt_livestock
D:8:      layout_basic, nicolae_overflow_hidden_temple, minmay_fountain_box,
          uniq_erica, uniq_pikel
D:9:      layout_rooms, lair_entry_dummy, chequers_guarded_unrand_ignorance
D:10:     layout_gridville, kennysheep_generic_room_10, uniq_psyche
D:11:     layout_basic, enter_trove_2
D:12:     layout_roguey [special_room_orc], hiddenorc2_lemuel, serial_shops,
          shop, uniq_sonja
D:13:     layout_big_octagon, muffindrake_ghost_dual_entry, minivault_19,
          nicolae_qazlal_style_of_elements
D:14:     layout_stronghold, erik_vaults_1
D:15:     gammafunk_depths_entry_grave, layout_irregular_city, serial_shops,
          shop
Temple:   eino_temple_rhombus
Lair:1:   layout_misc_corridors, chequers_serial_rivers_micro_c,
          lemuel_fruit_tree, serial_bayou_shore_a
Lair:2:   lemuel_reptile_caves, layout_loops_ring, elwin_shoals_entry_rooms,
          portal_ice_cave_entry_imps
Lair:3:   layout_gridlike, spider_nest_entry_webs,
          grunt_forest_large_clearing_hut, uniq_gastronok
Lair:4:   layout_regular_city, grunt_megastairs_3, uniq_nessos
Lair:5:   layout_gridlike, slime_altar_1, minivault_23
Lair:6:   grunt_lair_end_beastmaster, layout_loops_ring, serial_bayou,
          serial_bayou_pond_c, serial_bayou_lake_a, serial_bayou_ford_a,
          serial_bayou_crossing, minmay_lair_oklob_items
Shoals:1: layout_shoals, uniq_josephine
Shoals:2: layout_shoals
Shoals:3: layout_shoals, hangedman_shoal_volcano
Shoals:4: shoals_end_grunt_ice, layout_shoals, serial_shops, shop,
          uniq_polyphemus
Spider:1: layout_chambers
Spider:2: layout_spider_delve
Spider:3: layout_spider_delve
Spider:4: grunt_spider_rune_circles, spiders_nest_ghost_moth_duel, uniq_kirke
Orc:1:    layout_diamond_mine, minmay_orc_treasury
Orc:2:    st_orc_mages, layout_caves

Skill      XL: |  1  2  3  4  5  6  7  8  9 10 11 12 13 14 15 16 17 18 19 |
---------------+----------------------------------------------------------+-----
Conjurations   | 1 2 3 4 5 6 |  6.0
Fire Magic     | 3 5 |  5.0
Air Magic      | 2 5 |  5.3
Necromancy     | 7 9 10 11 | 11.2
Spellcasting   | 5 7 8 13 16 | 16.0
Earth Magic    | 6 10 11 16 18 | 18.0
Shields        | 4 9 10 15 | 15.0
Fighting       | 3 7 8 9 |  9.2
Armour         | 3 7 8 9 |  9.1
Dodging        | 3 6 7 |  7.9
Stealth        | |  2.4
Summonings     | |  1.0
Translocations | |  0.8

Action                   |  1- 3 |  4- 6 |  7- 9 | 10-12 | 13-15 | 16-18 | 19-21 || total
-------------------------+-------+-------+-------+-------+-------+-------+-------++-------
Melee: Club              |    12 |    37 |       |       |       |       |       ||    49
       Dagger            |     1 |       |       |       |       |       |       ||     1
       Mace              |       |    21 |     8 |       |       |       |       ||    29
       Whip              |       |       |    96 |    30 |       |       |       ||   126
       Short sword       |       |       |    72 |   117 |       |       |       ||   189
       Trident           |       |       |       |    79 |       |    86 |       ||   165
       Halberd           |       |       |       |   202 |   877 |   329 |       ||  1408
       Scimitar          |       |       |       |       |     1 |       |       ||     1
       Rapier            |       |       |       |       |       |   200 |    69 ||   269
 Fire: Shortbow          |       |       |    27 |     5 |       |       |       ||    32
Throw: Javelin           |       |     7 |    15 |    11 |     3 |     1 |       ||    37
       Stone             |       |     1 |       |       |       |       |       ||     1
       Dart              |       |       |    38 |    15 |       |       |       ||    53
 Cast: Magic Dart        |    65 |   118 |   156 |    67 |    29 |       |       ||   435
       Mephitic Cloud    |     2 |     8 |    30 |    40 |    16 |    36 |     4 ||   136
       Conjure Flame     |     1 |     4 |    27 |    67 |    81 |    26 |     5 ||   211
       Borgnjor's Vile C |       |       |       |    40 |   185 |   247 |    30 ||   502
       Vampiric Draining |       |       |       |     6 |     1 |    10 |       ||    17
       Dispel Undead     |       |       |       |     3 |    21 |    14 |       ||    38
       Sublimation of Bl |       |       |       |     3 |     8 |    10 |     2 ||    23
Invok: Receive Necronomi |       |       |       |       |     1 |       |       ||     1
       Renounce Religion |       |       |       |       |     1 |       |       ||     1
       Potion Petition   |       |       |       |       |       |       |     2 ||     2
 Abil: Dig               |     1 |    11 |    17 |    28 |    43 |    18 |     1 ||   119
Evoke: Wand              |       |       |       |     2 |       |       |       ||     2
       Lamp of fire      |       |       |       |       |       |     1 |     1 ||     2
  Use: Scroll            |       |     3 |     9 |    10 |    15 |     6 |     1 ||    44
       Potion            |       |       |     1 |       |     4 |     2 |       ||     7
 Stab: Confused          |     1 |       |    14 |    17 |     4 |    10 |     1 ||    47
       Sleeping          |     1 |       |     2 |       |       |     3 |       ||     6
       Invisible         |       |       |       |     1 |       |       |       ||     1
       Distracted        |       |       |       |       |     8 |     2 |       ||    10
       Petrified         |       |       |       |       |     1 |       |       ||     1
  Eat: Chunk             |     1 |     7 |    23 |    37 |    12 |       |       ||    80
       Ration            |       |     1 |       |       |    22 |    17 |     1 ||    41
Armor: Robe              |     2 |    12 |    14 |       |       |       |       ||    28
       Steam dragon scal |       |       |    37 |    85 |     2 |       |       ||   124
       Troll leather arm |       |       |       |       |   152 |   126 |    21 ||   299
       Skin              |       |       |       |       |     7 |       |       ||     7
Dodge: Dodged            |    14 |    59 |   137 |   167 |   327 |   281 |    58 ||  1043
Block: Shield            |       |       |       |    17 |   200 |       |       ||   217
       Large shield      |       |       |       |       |   820 |  1158 |   195 ||  2173
